 Dungeon Crawl Stone Soup version 0.27.1-2-g3b301248ec (webtiles) character file.

Game seed: 1504255530471187671

25823 Borgoz the Fighter (level 13, -2/88 HPs)
             Began as a Gargoyle Berserker on Sept 26, 2021.
             Was a High Priest of Trog.
             Killed by divine providence
             ... invoked by a meliai
              (13 damage)
             ... on level 13 of the Dungeon.
             The game lasted 00:14:35 (15193 turns).

Borgoz the Fighter (Gargoyle Berserker)            Turns: 15193, Time: 00:14:35

Health: -2/88      AC: 37    Str: 23    XL:     13   Next: 22%
Magic:  13/13      EV: 10    Int:  8    God:    Trog [*****.]
Gold:   969        SH:  0    Dex: 12    Spells: 12/12 levels left

rFire    . . .     SeeInvis .   x - +6 dire flail
rCold    . . .     Faith    +   (shield currently unavailable)
rNeg     + . .     Spirit   .   s - +3 plate armour
rPois    ∞         Reflect  .   e - +2 hat
rElec    +         Harm     .   (no cloak)
rCorr    .         Rampage  .   l - +0 pair of gloves
Will     .....                  y - +0 pair of boots
Stlth    ..........             p - amulet of faith
HPRegen  0.24/turn              c - +4 ring of protection
MPRegen  0.13/turn              (no ring)

@: no status effects
A: sickness immunity, AC +9, negative energy resistance 1, electricity
resistance, torment resistance 1, petrification resistance
a: Renounce Religion, Berserk, Trog's Hand, Brothers in Arms


You were on level 13 of the Dungeon.
You worshipped Trog.
Trog was extremely pleased with you.
You visited 1 branch of the dungeon, and saw 13 of its levels.
You also visited: Ossuary.

You collected 969 gold pieces.

Inventory:

Hand Weapons
 x - a +6 dire flail (weapon)
Missiles
 i - 2 throwing nets (quivered)
Armour
 e - a +2 hat (worn)
 l - a +0 pair of gloves (worn)
 s - a +3 plate armour (worn)
 y - a +0 pair of boots (worn)
 B - the +1 robe of Trial and Error {rCorr}
   (You found it on level 10 of the Dungeon)

   rCorr:     It protects you from acid and corrosion.
 E - +0 acid dragon scales
Jewellery
 c - a +4 ring of protection (left hand)
 d - a ring of ice
 p - an amulet of faith (around neck)
Wands
 r - a wand of digging (7)
 u - a wand of paralysis (12)
 v - a wand of mindburst (20)
 D - a wand of iceblast (6)
 F - a wand of flame (16)
Scrolls
 a - a scroll of blinking
 g - 2 scrolls of holy word
 h - 5 scrolls of fog
 m - 4 scrolls of teleportation
 q - 2 scrolls of enchant weapon
 t - 3 scrolls of silence
 A - 2 scrolls of identify
 C - 2 scrolls of magic mapping {unknown}
Potions
 b - a potion of invisibility {unknown}
 f - 3 potions of berserk rage
 j - a potion of attraction
 k - a potion of resistance
 n - 6 potions of curing
 o - a potion of might
 w - 2 potions of heal wounds
 z - a potion of flight


   Skills:
 * Level 13.0 Fighting
 * Level 12.0 Maces & Flails
 * Level 12.7 Armour
 + Level 7.4 Dodging


You had 12 spell levels left.
You didn't know any spells.
Your spell library was empty.

Dungeon Overview and Level Annotations

Branches:
Dungeon (13/15)            Temple (0/1) D:5            Lair (0/6) D:11
    Orc (0/2) D:12         Vaults (0/5) D:13        Ossuary (visited)

Altars:
Ashenzari
Cheibriados
Dithmenos
Gozag
Makhleb
Nemelex Xobeh
Ru
Yredelemnul

Shops:
D:5 *   D:11 :

Annotations:
D:5 3 runed translucent doors, hurston's ghost, amateur GrFi


Innate Abilities, Weirdness & Mutations

You are immune to sickness and miasma.
Your stone body is resilient. (AC +9)
You are immune to poison.
You resist negative energy. (rN+)
You are resistant to electric shocks. (rElec)
You are resistant to unholy torment.
You are immune to petrification.


Message History

The meliai hits you but does no damage.
The meliai stings you but does no damage.
The meliai hits you but does no damage. The meliai misses you.
The centaur warrior shoots an arrow.
The arrow hits you! The centaur closely misses you.
The centaur kicks you but does no damage.
The centaur barely misses you.
The centaur kicks you but does no damage.
The centaur hits you but does no damage.
The centaur kicks you but does no damage.
The centaur barely misses you.
The centaur kicks you but does no damage.
You are too injured to fight recklessly!
You are too injured to fight recklessly!
You are too injured to fight recklessly!
You are too injured to fight recklessly!
You are too injured to fight recklessly!
You are too injured to fight recklessly!
You are too injured to fight recklessly!
You are too injured to fight recklessly!
You are too injured to fight recklessly!
You are too injured to fight recklessly!
You impale the meliai!!
You kill the meliai!
Trog accepts your kill. The meliai barely misses you.
The meliai stings you but does no damage.
The centaur warrior shoots an arrow.
The arrow hits you!!
* * * LOW HITPOINT WARNING * * *
The centaur shoots an arrow.
The arrow barely misses you.
The arrow hits the centaur.
The centaur hits you but does no damage.
The centaur closely misses you.
The centaur hits you but does no damage.
The centaur misses you.
The centaur hits you but does no damage.
The centaur kicks you but does no damage.
The meliai invokes the aid of its god against you.
Something smites you!
You die...

......####.## #.#
#####. ###..###.# ##
#.##........# .
#.#........##
#...........#
#.<.........#
#.....>.....#
#...cc......#
#....@ch....#
#.#cyhc....## #
#.#..c.....#
...........#
####...........#
##.....!........#
...#...............#
#.....<...........#
##............


You could see a centaur warrior, a meliai, 5 centaurs and 2 howler monkeys.

Vanquished Creatures
  Harold (D:8)
  2 boulder beetles
  An ice dragon (D:11)
  A centaur warrior (D:13)
  2 hydras
  3 two-headed ogres
  2 dancing weapons (D:13)
  Sonja (D:12)
  2 ugly things
  2 deep elf pyromancers
  A manticore (D:12)
  3 cyclopes
  A centaur zombie (D:11)
  2 gargoyles
  An unseen horror (D:11)
  2 kobold demonologists
  3 trolls
  2 meliai (D:13)
  Grinder (D:3)
  4 slime creatures
  Prince Ribbit (D:8)
  A centaur simulacrum (D:10)
  2 wyverns
  13 yaks
  4 shadows
  A vampire (D:10)
  3 wraiths
  4 vampire mosquitoes (D:13)
  A steam dragon (D:9)
  2 acid dragons (D:12)
  3 water moccasins
  6 orc warriors
  Duvessa (D:6)
  2 sky beasts (D:7)
  5 black bears
  An ice beast (D:6)
  2 ogres
  11 centaurs
  A phantom (D:7)
  3 kobold brigands
  A gnoll sergeant (D:6)
  4 bullfrogs
  Dowan (D:6)
  3 scorpions
  A water moccasin zombie (D:5)
  A water moccasin skeleton (D:6)
  12 killer bees
  8 wights
  6 howler monkeys
  A bullfrog zombie (D:3)
  A hound (D:6)
  3 orc priests
  A human zombie (Ossuary)
  2 centaur skeletons (D:5)
  Jessica (D:3)
  An iguana (D:6)
  2 orc wizards
  A killer bee zombie (D:6)
  2 mummies (Ossuary)
  2 howler monkey zombies
  3 adders
  11 gnolls
  2 shadow imps
  An ufetubus (D:5)
  An adder zombie (D:5)
  2 adder skeletons (D:4)
  2 worms
  2 dart slugs
  26 orcs
  10 ball pythons
  5 endoplasms
  7 giant cockroaches
  2 gnoll zombies (Ossuary)
  10 goblins
  6 hobgoblins
  4 jackals (D:5)
  12 kobolds
  A quokka (D:1)
  5 bats
  2 frilled lizards
  4 goblin zombies (Ossuary)
  4 hobgoblin zombies (Ossuary)
  3 orc zombies (Ossuary)
  4 rats
287 creatures vanquished.

Vanquished Creatures (collateral kills)
  A slime creature (D:7)
1 creature vanquished.

Vanquished Creatures (others)
  A bullfrog (D:8)
  2 orcs (D:5)
  16 fungi (D:11)
  12 plants (D:11)
31 creatures vanquished.

Grand Total: 319 creatures vanquished

Notes
Turn   | Place    | Note
-------+----------+-------------------------------------------
     0 | D:1      | Borgoz the Gargoyle Berserker began the quest for the Orb.
     0 | D:1      | Reached XP level 1. HP: 14/14 MP: 1/1
   242 | D:1      | Reached XP level 2. HP: 13/19 MP: 2/2
   971 | D:2      | Reached XP level 3. HP: 23/23 MP: 3/3
  1302 | D:2      | Reached ** piety under Trog
  1665 | D:3      | Found a shadowy altar of Dithmenos.
  1865 | D:3      | Reached XP level 4. HP: 20/29 MP: 4/4
  1985 | D:3      | Noticed Grinder
  1998 | D:3      | Killed Grinder
  1999 | D:3      | Reached skill level 4 in Fighting
  1999 | D:3      | Reached XP level 5. HP: 33/34 MP: 5/5
  1999 | D:3      | Reached XP level 6. HP: 38/39 MP: 6/6
  2366 | D:3      | Noticed Jessica
  2372 | D:3      | Killed Jessica
  2373 | D:3      | Reached skill level 5 in Fighting
  3055 | D:4      | Found a snail-covered altar of Cheibriados.
  3230 | D:4      | Reached XP level 7. HP: 30/44 MP: 7/7
  3769 | D:5      | Entered Level 5 of the Dungeon
  3872 | D:5      | Found a runed translucent gate.
  3872 | D:5      | Found a runed translucent gate.
  3872 | D:5      | Found a runed translucent gate.
  3874 | D:5      | Found an opulent altar of Gozag.
  3874 | D:5      | Noticed a wraith
  3875 | D:5      | Noticed hurston's ghost (amateur GrFi)
  3933 | D:5      | Found a sand-covered staircase.
  3939 | Ossuary  | Entered an ossuary
  3951 | Ossuary  | Reached *** piety under Trog
  4123 | D:5      | Reached skill level 5 in Maces & Flails
  4123 | D:5      | Reached skill level 5 in Armour
  4342 | D:5      | Found Danala's General Store.
  4397 | D:5      | Reached skill level 6 in Fighting
  4499 | D:5      | Found a burning altar of Makhleb.
  4500 | D:5      | Found a broken altar of Ashenzari.
  4517 | D:5      | Reached XP level 8. HP: 37/51 MP: 8/8
  5082 | D:5      | Found a staircase to the Ecumenical Temple.
  5946 | D:6      | Reached **** piety under Trog
  5959 | D:6      | Reached skill level 7 in Fighting
  6544 | D:6      | Noticed Dowan
  6545 | D:6      | Noticed Duvessa
  6555 | D:6      | Killed Duvessa
  6556 | D:6      | Reached XP level 9. HP: 57/57 MP: 9/9
  6560 | D:6      | Killed Dowan
  7321 | D:7      | Reached skill level 8 in Fighting
  7482 | D:7      | HP: 2/60 [slime creature (14)]
  7871 | D:7      | Reached XP level 10. HP: 65/65 MP: 10/10
  8110 | D:8      | Noticed Prince Ribbit
  8224 | D:8      | Killed Prince Ribbit
  8225 | D:8      | Reached skill level 9 in Fighting
  8290 | D:8      | Found a sacrificial altar of Ru.
  8358 | D:8      | You fall into a shaft and drop 1 floor!
  8704 | D:8      | Reached skill level 5 in Dodging
  8944 | D:8      | Noticed Harold
  8956 | D:8      | Killed Harold
  9596 | D:9      | Noticed a kobold demonologist
  9601 | D:9      | Killed a kobold demonologist
  9860 | D:9      | Reached skill level 10 in Fighting
 10062 | D:9      | You fall into a shaft and drop 1 floor!
 10062 | D:10     | Entered Level 10 of the Dungeon
 10088 | D:9      | Reached XP level 11. HP: 72/72 MP: 11/11
 10301 | D:10     | Reached ***** piety under Trog
 10320 | D:10     | Found a sparkling altar of Nemelex Xobeh.
 10366 | D:10     | Identified the +1 robe of Trial and Error {rCorr}
 10391 | D:10     | Reached skill level 10 in Armour
 10605 | D:10     | Found a basalt altar of Yredelemnul.
 10750 | D:10     | Noticed a two-headed ogre
 10755 | D:10     | Killed a two-headed ogre
 10837 | D:10     | Received a gift from Trog
 11034 | D:10     | Noticed a six-headed hydra
 11521 | D:10     | Noticed a boulder beetle
 11547 | D:10     | Killed a boulder beetle
 11548 | D:10     | Reached skill level 10 in Maces & Flails
 11587 | D:10     | Killed a six-headed hydra
 11588 | D:10     | Reached skill level 11 in Fighting
 11940 | D:11     | Noticed a cyan ugly thing
 11942 | D:11     | Found a staircase to the Lair.
 11944 | D:11     | Noticed an ice dragon
 11966 | D:11     | Killed a cyan ugly thing
 11980 | D:11     | Killed an ice dragon
 11981 | D:11     | Reached XP level 12. HP: 31/80 MP: 12/12
 12151 | D:11     | Found Coed's Book Boutique.
 12890 | D:11     | Noticed a boulder beetle
 12909 | D:11     | Killed a boulder beetle
 13074 | D:11     | Noticed a two-headed ogre
 13081 | D:11     | Killed a two-headed ogre
 13398 | D:12     | Reached skill level 12 in Fighting
 14039 | D:13     | Noticed a centaur warrior
 14443 | D:12     | Found a staircase to the Orcish Mines.
 14546 | D:12     | Noticed Sonja
 14552 | D:12     | Killed Sonja
 14588 | D:13     | Noticed a centaur warrior
 14589 | D:13     | Noticed a seven-headed hydra
 14598 | D:13     | Killed a centaur warrior
 14622 | D:13     | Killed a seven-headed hydra
 14641 | D:13     | Reached XP level 13. HP: 87/87 MP: 13/13
 14733 | D:13     | Found a gate to the Vaults.
 15132 | D:13     | Reached skill level 13 in Fighting
 15193 | D:13     | Killed from afar by a meliai

Illustrated notes

Levels and vault maps discovered:
D:1:      denvon_arrival_hothouse, layout_loops_ring, minmay_misc_feat_tiny,
          kennysheep_crisscross
D:2:      layout_basic
D:3:      layout_loops_ring, mainiacjoe_overflow_24_doors, minivault_4,
          uniq_jessica, uniq_grinder
D:4:      layout_basic, chei_slow_surprise, kennysheep_generic_room_14
D:5:      layout_loops_ring, minitemple, lemuel_temple_firewalk_b, serial_shops,
          kennysheep_mini, nicolae_ossuary_entry_plus, ebering_ghost_gozag,
          st_stairs_12
D:6:      layout_loops_ring, lemuel_mausoleum_altar_kikubaaqudgha, uniq_duvessa
D:7:      layout_gridville, minmay_crystal_room
D:8:      corexii_shack_village, layout_basic, mainiacjoe_overflow_chevrons,
          lemuel_another_geyser, uniq_prince_ribbit1, uniq_harold
D:9:      layout_roguey
D:10:     minmay_chambers_of_sixes, layout_rooms, overflow_temple_1_default,
          nemelex_xobeh_ov_fountains_minmay
D:11:     layout_cave_pods, due_lair_maze_entry_diamond, serial_shops,
          nicolae_shop_trees
D:12:     layout_cave_pools, orc_0_dummy, uniq_sonja
D:13:     layout_rooms, erik_vaults_1

Skill      XL: |  1  2  3  4  5  6  7  8  9 10 11 12 13 |
---------------+----------------------------------------+-----
Dodging        | 2 3 4 5 6 7 |  7.4
Armour         | 3 4 5 6 8 9 11 12 | 12.7
Fighting       | 4 5 6 7 8 10 11 12 13 | 13.0
Maces & Flails | 4 5 6 7 9 10 11 12 | 12.0

Action                   |  1- 3 |  4- 6 |  7- 9 | 10-12 | 13-15 || total
-------------------------+-------+-------+-------+-------+-------++-------
Melee: Mace              |   116 |    88 |   511 |   105 |       ||   820
       Dire flail        |       |       |       |   453 |    70 ||   523
Invok: Berserk           |       |     2 |    11 |    15 |       ||    28
       Trog's Hand       |       |       |     3 |     4 |       ||     7
       Brothers in Arms  |       |       |     1 |       |       ||     1
Evoke: Wand              |       |       |     7 |     7 |       ||    14
  Use: Scroll            |       |       |    10 |     8 |       ||    18
       Potion            |       |       |     2 |     1 |       ||     3
 Stab: Sleeping          |     1 |       |       |       |       ||     1
       Paralysed         |       |       |       |    15 |       ||    15
Armor: Animal skin       |    40 |    34 |    12 |       |       ||    86
       Plate armour      |       |       |   492 |   481 |    94 ||  1067
       Skin              |       |       |    27 |       |       ||    27
Dodge: Dodged            |    88 |    38 |   271 |   251 |    46 ||   694
